 Dungeon Crawl Stone Soup version 0.29.0-11-gd7f09526c8 (webtiles) character file.

Game seed: 14160863944362004752

8 AttackTheMoon the Sneak (level 2, 7/13 HPs)
             Began as a Spriggan Earth Elementalist on Sept 2, 2022.
             Was a Follower of Sif Muna.
             Quit the game on level 1 of the Dungeon.
             The game lasted 00:00:46 (196 turns).

AttackTheMoon the Sneak (SpEE)                       Turns: 196, Time: 00:00:46

Health: 7/13       AC:  2    Str:  4    XL:     2   Next: 0%
Magic:  3/6        EV: 17    Int: 16    God:    Sif Muna [*.....]
Gold:   7          SH:  0    Dex: 15    Spells: 5/6 levels left

rFire   . . .      SeeInvis +   e - +0 short sword
rCold   . . .      Faith    .   (no shield)
rNeg    . . .      Spirit   .   a - +0 robe
rPois   .          Reflect  .   (helmet restricted)
rElec   .          Harm     .   (no cloak)
rCorr   .          Rampage  .   (gloves unavailable)
Will    +....                   (boots unavailable)
Stlth   ++........              (no amulet)
HPRegen 0.04/turn               d - ring of willpower
MPRegen 0.10/turn               (no ring)

@: very quick
A: very small, no large weapons, unfitting armour, see invisible, speed 3
a: Renounce Religion, Channel Magic


You were on level 1 of the Dungeon.
You worshipped Sif Muna.
Sif Muna was aware of your devotion.
You visited 1 branch of the dungeon, and saw 1 of its levels.

You collected 7 gold pieces.

Inventory:

Hand Weapons
 e - a +0 short sword (weapon)
Armour
 a - a +0 robe (worn)
Jewellery
 d - a ring of willpower (left hand)
Scrolls
 c - a scroll of blinking {unknown}
Potions
 b - a potion of magic


   Skills:
 + Level 2.9 Dodging
 + Level 3.2 Stealth
 + Level 2.9 Spellcasting
 + Level 1.7 Transmutations
 + Level 2.8 Earth Magic


You had 5 spell levels left.
You knew the following spells:

 Your Spells              Type           Power      Damage    Failure   Level
a - Sandblast             Erth           22%        2d7       6%          1

Your spell library contained the following spells:

 Spells                   Type           Power      Damage    Failure   Level
 Passwall                 Tmut/Erth      7%         N/A       11%         2
 Stone Arrow              Conj/Erth      12%        3d7       32%         3
 Petrify                  Tmut/Erth      9%         N/A       58%         4


Dungeon Overview and Level Annotations

Branches:
Dungeon (1/15)

Altars:
Sif Muna


Innate Abilities, Weirdness & Mutations

You are very small and have problems with some larger weapons.
You are too small for most types of armour.
You have supernaturally acute eyesight. (SInv)
You cover ground extremely quickly. (Speed+++)


Message History

You barely miss the hobgoblin.
The hobgoblin is moderately wounded.
The hobgoblin completely misses you.
You barely miss the hobgoblin.
The hobgoblin is moderately wounded.
The hobgoblin completely misses you.
You hit the hobgoblin but do no damage.
The hobgoblin is moderately wounded.
The hobgoblin splashes around in the water.
You hit the hobgoblin but do no damage.
The hobgoblin is moderately wounded.
The hobgoblin misses you.
You hit the hobgoblin.
The hobgoblin is heavily wounded.
The hobgoblin hits you.
You barely miss the hobgoblin.
The hobgoblin is heavily wounded.
The hobgoblin splashes around in the water.
You completely miss the hobgoblin.
The hobgoblin is heavily wounded.
The hobgoblin misses you.
You hit the hobgoblin.
You kill the hobgoblin!
You hear a splash.
You have reached level 2!
You enter the shallow water.
Moving in this stuff is going to be slow.
You see here a +0 ring mail.
There is a faded altar of an unknown god here.
You cannot tell which god this altar belongs to.
Convert to them anyway?
Sif Muna accepts your prayer! Sif Muna welcomes you!
You can now call upon Sif Muna for magical energy.
Save game and exit?
Welcome back, AttackTheMoon the Spriggan Earth Elementalist.
Sif Muna whispers: I know many secrets...
Press ? for a list of commands and other information.
Are you sure you want to abandon this character and quit the game? (Confirm with "yes".)
Okay, then.
Are you sure you want to abandon this character and quit the game? (Confirm with "yes".)

.##................#
.##########.......####
.#.......###.#####....
......[..##.#.....#.##
>#.......#..~.....~#.##
..........#~.~...~~.#.#
##.......#..~.~~~.~..#.#
#.......#..†~.≈≈~~~~#.##
#.......#....≈.@≈.......
#######.#...~.≈≈[~~~#.#
#.#.$~.~~~.~..#
##.#~.~...~~.#.#
##..~..!..~#.##
##.#.....#.##
##.#####.## ##.. ## ###


There were no monsters in sight!

Vanquished Creatures
  A hobgoblin (D:1)
  5 jackals (D:1)
6 creatures vanquished.

Notes
Turn   | Place    | Note
-------+----------+-------------------------------------------
     0 | D:1      | AttackTheMoon the Spriggan Earth Elementalist began the
                  | quest for the Orb.
     0 | D:1      | Reached XP level 1. HP: 9/9 MP: 5/5
   158 | D:1      | Found a faded altar of an unknown god.
   193 | D:1      | Reached XP level 2. HP: 7/13 MP: 2/6
   195 | D:1      | Prayed at the altar of an unknown god.
   195 | D:1      | Became a worshipper of Sif Muna the Loreminder
   195 | D:1      | Reached * piety under Sif Muna
   196 | D:1      | Quit the game

Illustrated notes

Levels and vault maps discovered:
D:1:      minmay_arrival_hallway, layout_loops_ring,
          shapermc_ecumenical_altar_starsandcircs

Action                   || total
-------------------------++-------
Melee: Unarmed           ||    12
       Short sword       ||     8
 Cast: Sandblast         ||     9
Armor: Robe              ||     1
Dodge: Dodged            ||    12
